 Dungeon Crawl Stone Soup version 0.21.1-1-g345015f (webtiles) character file.

96 prawnwizard the Firebug (level 4, -8/33 HPs)
             Began as a Draconian Fire Elementalist on July 4, 2018.
             Mangled by a small abomination (15 damage)
             ... on level 2 of the Abyss.
             The game lasted 00:06:03 (2209 turns).

prawnwizard the Firebug (DrFE)                      Turns: 2209, Time: 00:06:04

Health: -8/33      AC:  6    Str: 14    XL:     4   Next: 41%
Magic:  7/7        EV: 12    Int: 16    God:
Gold:   105        SH:  0    Dex: 12    Spells: 5/8 levels left

rFire    . . .     SeeInvis .   o - +3 hand axe (freeze)
rCold    . . .     Gourm    .   (no shield)
rNeg     . . .     Faith    .   (armour unavailable)
rPois    .         Spirit   .   j - +1 hat
rElec    .         Reflect  .   (no cloak)
rCorr    .         Harm     .   (no gloves)
MR       .....                  (no boots)
Stlth    ++........             (no amulet)
HPRegen  0.11/turn              k - +4 ring of strength
MPRegen  0.10/turn              (no ring)

@: no status effects
A: unfitting armour, cold-blooded, AC +5
a: no special abilities


You were on level 2 of the Abyss.
You were hungry.

You visited 1 branch of the dungeon, and saw 3 of its levels.
You visited the Abyss 1 time.

You collected 105 gold pieces.

Inventory:

Hand Weapons
 o - a +3 hand axe of freezing (weapon)
Armour
 j - a +1 hat (worn)
Jewellery
 k - a +4 ring of strength (left hand)
Wands
 p - a wand of disintegration (16)
Scrolls
 c - a scroll of blinking {unknown}
 d - 3 scrolls of teleportation {unknown}
 e - 4 scrolls of identify {unknown}
 h - a scroll of immolation {unknown}
 i - a scroll of magic mapping {unknown}
 m - a scroll of enchant armour {unknown}
 n - a scroll of remove curse {unknown}
 q - a scroll of fog {unknown}
Potions
 f - a potion of degeneration {unknown}
 g - a potion of heal wounds {unknown}
 l - a potion of might {unknown}
Books
 a - a book of Flames

   Spells                             Type                      Level
   a - Flame Tongue                   Conjuration/Fire             1
   b - Throw Flame                    Conjuration/Fire             2
   c - Conjure Flame                  Conjuration/Fire             3
   d - Inner Flame                    Hexes/Fire                   3
   e - Sticky Flame                   Conjuration/Fire             4
   f - Fireball                       Conjuration/Fire             5
Comestibles
 b - 4 rations


   Skills:
 + Level 2.3 Dodging
 - Level 1.7 Stealth
 + Level 2.5 Spellcasting
 * Level 2.5 Conjurations
 * Level 3.8 Fire Magic


You had 5 spell levels left.
You knew the following spells:

 Your Spells              Type           Power        Failure   Level  Hunger
a - Flame Tongue          Conj/Fire      ##...        5%          1    #......
b - Throw Flame           Conj/Fire      ##....       8%          2    ##.....


Dungeon Overview and Level Annotations

Branches:
Dungeon (3/15)

Altars:
Nemelex Xobeh
Ru


Innate Abilities, Weirdness & Mutations

Your plain brown scales are hard. (AC +5)
You cannot fit into any form of body armour.
You are cold-blooded and may be slowed by cold attacks.


Message History

A thrashing horror is nearby!
An orange demon comes into view.
The orange demon screeches!
A large abomination comes into view.
The orange demon closely misses you. The orange demon barely misses you.
The orange demon closely misses you.
A small abomination comes into view.
The small abomination hits you.
A small abomination comes into view.
The small abomination moves out of view.
The small abomination hits you!
Ouch! That really hurt!
The small abomination closely misses you.
The small abomination hits you.
* * * LOW HITPOINT WARNING * * *
The small abomination closely misses you.
The orange demon stings you but does no damage.
The small abomination hits you!
You die...

##.#..####.#. #
## .. ## ##x#.###
... #...##.##
#.##
#..##..#........#
...##...##.....
#..### ....
##.4.## .)...
#...x.#.....#
#####@..# #
#x.......#
#.######... ..#
.. #.# ..# .##


You could see an orange demon and 2 small abominations.

Vanquished Creatures
  An orc wizard (D:2)
  2 adders (D:2)
  An ooze (D:1)
  A dart slug (D:1)
  A leopard gecko (D:2)
  An orc (D:2)
  4 bats
  3 giant cockroaches (D:2)
  3 goblins
  6 hobgoblins
  5 kobolds
  2 ball pythons
  6 frilled lizards
  7 rats
43 creatures vanquished.

Notes
Turn   | Place    | Note
-------+----------+-------------------------------------------
     0 | D:1      | prawnwizard the Draconian Fire Elementalist began the quest for the Orb.
     0 | D:1      | Reached XP level 1. HP: 14/14 MP: 3/3
   284 | D:1      | Reached XP level 2. HP: 16/20 MP: 1/5
   811 | D:1      | Found a sparkling altar of Nemelex Xobeh.
  1009 | D:2      | Reached XP level 3. HP: 26/26 MP: 3/6
  1290 | D:2      | Learned a level 2 spell: Throw Flame
  1634 | D:2      | Found a sacrificial altar of Ru.
  1644 | D:2      | Reached XP level 4. HP: 33/33 MP: 2/7
  2084 | D:3      | Cast into level 1 of the Abyss (orc)
  2142 | Abyss:2  | Noticed a mana viper
  2171 | Abyss:2  | Noticed a thrashing horror
  2184 | Abyss:2  | Noticed an orange demon
  2190 | Abyss:2  | Noticed a large abomination
  2196 | Abyss:2  | Noticed a small abomination
  2199 | Abyss:2  | Noticed a small abomination
  2200 | Abyss:2  | Noticed a small abomination
  2209 | Abyss:2  | Mangled by a small abomination

Skill      XL: |  1  2  3 |
---------------+----------+-----
Dodging        | 2 |  2.3
Conjurations   | 2 |  2.5
Stealth        | |  1.7
Spellcasting   | |  2.5
Fire Magic     | |  3.8

Action                   |  1- 3 |  4- 6 || total
-------------------------+-------+-------++-------
Melee: Unarmed           |    33 |     4 ||    37
       Tailslap          |     6 |     2 ||     8
 Cast: Flame Tongue      |    51 |    17 ||    68
  Eat: Chunk             |     3 |     1 ||     4
Armor: Skin              |     5 |    10 ||    15
Dodge: Dodged            |    31 |    20 ||    51
